 Dungeon Crawl Stone Soup version 0.23-a0-395-gcf17ac6 (webtiles) character file.

1010 rabbit the Cudgeler (level 8, -3/50 HPs)
             Began as a Gargoyle Fighter on Nov 1, 2018.
             Slain by a killer bee (4 damage)
             ... on level 4 of the Dungeon.
             The game lasted 00:14:08 (5155 turns).

rabbit the Cudgeler (Gargoyle Fighter)              Turns: 5155, Time: 00:14:08

Health: -3/50      AC: 17    Str: 22    XL:     8   Next: 21%
Magic:  8/8        EV:  8    Int:  9    God:
Gold:   225        SH: 10    Dex:  9    Spells: 7/7 levels left

rFire    . . .     SeeInvis +   a - +0 morningstar
rCold    . . .     Gourm    .   c - +0 shield
rNeg     + . .     Faith    .   C - +3 scale mail
rPois    ∞         Spirit   .   (no helmet)
rElec    +         Reflect  .   (no cloak)
rCorr    .         Harm     .   B - +0 pair of gloves
MR       +....                  (no boots)
Stlth    ..........             (no amulet)
HPRegen  0.16/turn              h - ring of see invisible
MPRegen  0.11/turn              A - ring of protection from magic

@: no status effects
A: negative energy resistance 1, electricity resistance, unbreathing,
petrification resistance, rot immunity, AC +5
a: no special abilities


You were on level 4 of the Dungeon.
You were not hungry.

You visited 1 branch of the dungeon, and saw 5 of its levels.

You collected 225 gold pieces.

Inventory:

Hand Weapons
 a - a +0 morningstar (weapon)
 b - a +0 hunting sling
 E - a cursed -1 whip
 F - a +0 flail
Missiles
 p - 69 stones (quivered)
 s - 58 sling bullets
 v - 30 bolts
Armour
 c - a +0 shield (worn)
 g - a +0 chain mail
 j - a +0 pair of gloves
 k - a +0 scale mail
 B - a +0 pair of gloves (worn)
 C - a +3 scale mail (worn)
Jewellery
 h - a ring of see invisible (left hand)
 A - a ring of protection from magic (right hand)
Scrolls
 o - a scroll of remove curse
 q - 4 scrolls of identify
 r - 2 scrolls of blinking
 w - 2 scrolls of enchant armour {unknown}
 y - a scroll of enchant weapon {unknown}
 D - a scroll of immolation {unknown}
Potions
 d - a potion of might
 e - 2 potions of ambrosia {unknown}
 i - 2 potions of degeneration {unknown}
 l - 2 potions of brilliance {unknown}
 m - 3 potions of haste {unknown}
 n - 2 potions of curing {unknown}
 t - a potion of flight {unknown}
 u - 2 potions of magic {unknown}
 x - 2 potions of resistance {unknown}
 z - 2 potions of heal wounds {unknown}
Comestibles
 f - 7 rations


   Skills:
 + Level 5.5 Fighting
 * Level 6.1 Maces & Flails
 + Level 5.5 Armour
 + Level 5.6 Shields


You had 7 spell levels left.
You didn't know any spells.
Your spell library was empty.

Dungeon Overview and Level Annotations

Branches:
Dungeon (5/15)
 Temple: D:4-7

Altars:
Makhleb
Nemelex Xobeh
Sif Muna
Uskayaw


Innate Abilities, Weirdness & Mutations

You are resistant to torment.
Your stone body is resilient. (AC +5)
You are immune to poison.
You resist negative energy. (rN+)
You are resistant to electric shocks. (rElec)
You can survive without breathing.
You are immune to petrification.
You are immune to rotting.


Message History

The killer bee barely misses you.
You closely miss the killer bee. You block the killer bee's attack.
The killer bee stings you but does no damage.
The killer bee stings you.
* * * LOW HITPOINT WARNING * * *
You closely miss the killer bee. You block the killer bee's attack.
The killer bee closely misses you.
You barely miss the killer bee. The killer bee closely misses you.
You block the killer bee's attack. x2
You closely miss the killer bee. The killer bee barely misses you.
The killer bee stings you but does no damage.
You miss the killer bee. The killer bee stings you.
* * * LOW HITPOINT WARNING * * *
The killer bee stings you but does no damage.
The killer bee barely misses you.
You miss the killer bee.
The killer bee stings you but does no damage.
You block the killer bee's attack. The killer bee closely misses you.
You completely miss the killer bee. The killer bee stings you.
You die...

##### #...# #### #...###
####..### ......##
#.....#.##
#......###.....y@.#
####....#.........#
.................##
##................##
#.................# ###
##.................####.##
##.###..............#....###
##[#.......................#
#.........##..............##


You could see a killer bee.

Vanquished Creatures
  3 phantoms (D:4)
  2 ogres (D:4)
  A scorpion (D:5)
  3 killer bees
  A crimson imp (D:3)
  A bullfrog zombie (D:5)
  A bullfrog skeleton (D:5)
  A hound (D:4)
  An orc wizard (D:3)
  3 worker ants
  4 river rats (D:3)
  3 adders
  An ooze (D:1)
  An adder skeleton (D:4)
  5 worms
  A dart slug (D:3)
  3 leopard geckos
  13 orcs
  A ball python (D:1)
  3 giant cockroaches
  4 goblins
  4 hobgoblins
  3 jackals (D:4)
  8 kobolds
  3 quokkas
  8 bats
  7 frilled lizards
  A jackal skeleton (D:4)
  7 rats
97 creatures vanquished.

Notes
Turn   | Place    | Note
-------+----------+-------------------------------------------
     0 | D:1      | rabbit the Gargoyle Fighter began the quest for the Orb.
     0 | D:1      | Reached XP level 1. HP: 14/14 MP: 1/1
   181 | D:1      | Reached XP level 2. HP: 12/19 MP: 2/2
   796 | D:2      | Reached XP level 3. HP: 22/23 MP: 3/3
  1047 | D:2      | Found a sparkling altar of Nemelex Xobeh.
  1327 | D:2      | Found a deep blue altar of Sif Muna.
  1865 | D:3      | Reached skill level 3 in Maces & Flails
  1865 | D:3      | Reached XP level 4. HP: 28/29 MP: 4/4
  2583 | D:3      | Reached XP level 5. HP: 33/33 MP: 5/5
  2852 | D:3      | Found a burning altar of Makhleb.
  3076 | D:3      | Reached skill level 4 in Maces & Flails
  3188 | D:4      | Noticed an ogre
  3326 | D:4      | Reached XP level 6. HP: 32/38 MP: 6/6
  3386 | D:4      | Noticed a phantom
  3569 | D:4      | Found a hide-covered altar of Uskayaw.
  3848 | D:4      | Killed a phantom
  3848 | D:4      | Reached XP level 7. HP: 28/44 MP: 7/7
  4118 | D:4      | Reached skill level 5 in Maces & Flails
  4296 | D:4      | Reached skill level 5 in Fighting
  4296 | D:4      | Reached skill level 5 in Armour
  4296 | D:4      | Reached skill level 5 in Shields
  4932 | D:5      | Entered Level 5 of the Dungeon
  5047 | D:5      | Reached XP level 8. HP: 49/49 MP: 8/8
  5117 | D:5      | Reached skill level 6 in Maces & Flails
  5153 | D:4      | HP: 1/50 [killer bee (4)]
  5155 | D:4      | Slain by a killer bee

Vault maps used:
D:1:      tarquinn_simple_flora_water_c, minmay_circled_x
D:2:      marbit_many_paths, nemelex_xobeh_ov_fountains_minmay
D:3:      makhleb_grotto_becter, lightli_sewer_entry_pipes
D:4:      lemuel_doored_altar, first_ration

Skill      XL: |  1  2  3  4  5  6  7  8 |
---------------+-------------------------+-----
Maces & Flails | 3 4 5 6 |  6.1
Shields        | 4 5 |  5.6
Fighting       | 4 5 |  5.5
Armour         | 4 5 |  5.5

Action                   |  1- 3 |  4- 6 |  7- 9 || total
-------------------------+-------+-------+-------++-------
Melee: Flail             |   196 |   257 |    39 ||   492
       Morningstar       |       |       |    53 ||    53
 Fire: Hunting sling     |     4 |    57 |    36 ||    97
  Use: Scroll            |     5 |       |       ||     5
  Eat: Chunk             |     3 |     7 |     1 ||    11
       Ration            |       |       |     1 ||     1
Armor: Scale mail        |   129 |    37 |    76 ||   242
       Chain mail        |       |   155 |    17 ||   172
Dodge: Dodged            |    82 |    85 |    51 ||   218
Block: Shield            |   143 |   182 |    73 ||   398

Table legend:
 A = Non-vault XP
 B = Vault XP
 C = Vault XP percentage of total XP
 D = Non-vault monster count
 E = Vault monster count
 F = Vault count percentage of total count
                 A         B        C        D         E       F
            +---------+---------+-------+---------+---------+-------
      Total |    1293 |     151 |  10.5 |      80 |      17 |  17.5
            +---------+---------+-------+---------+---------+-------
        D:1 |      18 |      13 |  41.9 |      12 |       4 |  25.0
        D:2 |      26 |      14 |  35.0 |      14 |       2 |  12.5
        D:3 |     121 |     124 |  50.6 |      28 |      11 |  28.2
        D:4 |     816 |       0 |   0.0 |      19 |       0 |   0.0
        D:5 |     312 |       0 |   0.0 |       7 |       0 |   0.0
            +---------+---------+-------+---------+---------+-------
